 Dungeon Crawl Stone Soup version 0.25.1-2-g60ff931df9 (webtiles) character file.

Game seed: 7894396965906283812

73 nikku the Chopper (level 4, -2/34 HPs)
             Began as a Demonspawn Gladiator on Aug 22, 2020.
             Slain by Sigmund
             ... wielding a +0 scythe
              (7 damage)
             ... on level 2 of the Dungeon.
             The game lasted 00:04:53 (1704 turns).

nikku the Chopper (Demonspawn Gladiator)            Turns: 1704, Time: 00:04:54

Health: -2/34      AC:  4    Str: 15    XL:     4   Next: 8%
Magic:  4/4        EV: 13    Int: 10    God:
Gold:   68         SH:  0    Dex: 14    Spells: 3/3 levels left

rFire    . . .     SeeInvis .   a - +1 war axe
rCold    . . .     Gourm    .   (no shield)
rNeg     + . .     Faith    .   b - +0 leather armour
rPois    .         Spirit   .   (helmet restricted)
rElec    .         Reflect  .   (no cloak)
rCorr    .         Harm     .   m - +0 pair of gloves
MR       .....                  (no boots)
Stlth    +.........             (no amulet)
HPRegen  0.11/turn              (no ring)
MPRegen  0.09/turn              i - ring of positive energy

@: mighty, brilliant, flying
A: beak, hooves 1, horns 1, spiny 1
a: no special abilities


You were on level 2 of the Dungeon.
You were not hungry.

You visited 1 branch of the dungeon, and saw 2 of its levels.

You collected 68 gold pieces.

Inventory:

Hand Weapons
 a - a +1 war axe (weapon)
Armour
 b - a +0 leather armour (worn)
 c - a +0 helmet
 m - a +0 pair of gloves (worn)
 n - a +1 helmet of intelligence
Jewellery
 e - an uncursed ring of ice
 i - a ring of positive energy (right hand)
Scrolls
 o - 2 scrolls of identify {unknown}
Comestibles
 f - 3 rations
 l - a chunk of flesh


   Skills:
 + Level 2.8 Fighting
 + Level 3.2 Axes
 - Level 1.7 Throwing
 + Level 1.4 Armour
 + Level 3.2 Dodging


You had 3 spell levels left.
You didn't know any spells.
Your spell library was empty.

Dungeon Overview and Level Annotations

Branches:
Dungeon (2/15)

Altars:
Ashenzari

Annotations:
D:2 Sigmund


Innate Abilities, Weirdness & Mutations

You have large cloven feet.
You are partially covered in sharp spines.
You have a beak for a mouth.
You have a pair of small horns on your head.


Message History

You feel very buoyant.
You fly up into the air.
You feel less confused.
You hear some strange, mumbled words.
You are confused.
Something hits you.
You see here a rat skeleton.
You bump into the rock wall.
You hear a zap.
A puff of flame appears from out of thin air!
The puff of flame misses you.
You hear a zap.
A puff of flame appears from out of thin air!
The puff of flame misses you.
You bump into the rock wall.
You feel less confused. Something hits you!
* * * LOW HITPOINT WARNING * * *
Something hits you!
You die...

# # # # #
########################
'......................>
################.######
.....# #@# .....# #.#
.....# #{# .....######
#รท# .....'....## #.#
.....####..# #(# .....#
##.# #..'...... .....#
#.# #..#...... .....#
#.# #..#......


There were no monsters in sight!

Vanquished Creatures
  Robin (D:2)
  2 adders (D:2)
  3 dart slugs
  A giant cockroach (D:2)
  11 goblins
  6 hobgoblins (D:2)
  4 bats
  A frilled lizard (D:1)
  4 kobolds
  3 rats
36 creatures vanquished.

Notes
Turn   | Place    | Note
-------+----------+-------------------------------------------
     0 | D:1      | nikku the Demonspawn Gladiator began the quest for the Orb.
     0 | D:1      | Reached XP level 1. HP: 16/16 MP: 1/1
   511 | D:1      | Gained mutation: You are partially covered in sharp spines.
                  | [demonic ancestry]
   511 | D:1      | Reached XP level 2. HP: 21/22 MP: 2/2
  1074 | D:2      | Reached skill level 1 in Armour
  1243 | D:2      | Reached XP level 3. HP: 28/28 MP: 3/3
  1436 | D:2      | Noticed Robin
  1447 | D:2      | Killed Robin
  1447 | D:2      | Gained mutation: You have large cloven feet. [demonic
                  | ancestry]
  1447 | D:2      | Reached XP level 4. HP: 29/34 MP: 4/4
  1535 | D:2      | Found a shattered altar of Ashenzari.
  1690 | D:2      | Noticed Sigmund
  1695 | D:2      | Gained mutation: You have a pair of small horns on your
                  | head. [potion of mutation]
  1695 | D:2      | Gained mutation: You have a beak for a mouth. [potion of
                  | mutation]
  1704 | D:2      | Slain by Sigmund

Illustrated notes

Levels and vault maps discovered:
D:1:      enne_arrival_octagon_isle, layout_basic
D:2:      layout_basic, nicolae_overflow_crystal_walls, uniq_sigmund,
          uniq_robin, uniq_terence

Skill      XL: |  1  2 |
---------------+-------+-----
Axes           | 3 |  3.2
Armour         | 1 |  1.4
Dodging        | 3 |  3.2
Fighting       | |  2.8
Throwing       | |  1.7

Action                   |  1- 3 |  4- 6 || total
-------------------------+-------+-------++-------
Melee: War axe           |    56 |     3 ||    59
       Kick              |       |     1 ||     1
Throw: Throwing net      |       |     3 ||     3
  Use: Scroll            |     2 |       ||     2
       Potion            |       |     4 ||     4
  Eat: Chunk             |     2 |       ||     2
Armor: Leather armour    |    19 |       ||    19
Dodge: Dodged            |    39 |     3 ||    42
